 Dungeon Crawl Stone Soup version 0.25-a0-156-g0c4bda3fdf (webtiles) character file.

Game seed: 13034713634601698976, levelgen mode: deterministic

104 vurker the Skirmisher (level 5, 0/42 HPs)
             Began as a Formicid Abyssal Knight on Nov 20, 2019.
             Was a Believer of Lugonu.
             Slain by a gnoll
             ... wielding a +0 flail of protection
              (2 damage)
             ... on level 2 of the Dungeon.
             The game lasted 00:02:42 (2126 turns).

vurker the Skirmisher (Formicid Abyssal Knight)     Turns: 2126, Time: 00:02:43

Health: 0/42       AC:  5    Str: 17    XL:     5   Next: 7%
Magic:  7/7        EV: 10    Int: 12    God:    Lugonu [**....]
Gold:   75         SH:  0    Dex: 10    Spells: 4/4 levels left

rFire    . . .     SeeInvis +   p - +0 war axe
rCold    . . .     Gourm    .   (no shield)
rNeg     . . .     Faith    .   n - +0 ring mail
rPois    .         Spirit   .   (helmet unavailable)
rElec    .         Reflect  .   (no cloak)
rCorr    .         Harm     .   (no gloves)
MR       .....                  (no boots)
Stlth    ..........             (no amulet)
HPRegen  0.14/turn              (no ring)
MPRegen  0.10/turn              (no ring)

@: no status effects
A: permanent stasis, dig shafts and tunnels, four strong arms, antennae 3
a: Dig, Shaft Self, Depart the Abyss, Bend Space, Renounce Religion


You were on level 2 of the Dungeon.
You worshipped Lugonu.
Lugonu was pleased with you.
You were not hungry.

You visited 1 branch of the dungeon, and saw 2 of its levels.
You visited the Abyss 1 time.

You collected 75 gold pieces.

Inventory:

Hand Weapons
 p - a +0 war axe (weapon)
   (You found it on level 2 of the Dungeon)
Missiles
 c - a throwing net (quivered)
Armour
 n - a +0 ring mail (worn)
   (You found it on level 1 of the Dungeon)
Scrolls
 d - 2 scrolls of remove curse {unknown}
 f - a scroll of teleportation {unknown}
 i - a scroll of fog {unknown}
 j - a scroll of amnesia {unknown}
 k - 2 scrolls of identify {unknown}
 o - a scroll of enchant armour {unknown}
Potions
 a - a potion of might {unknown}
 b - a potion of magic {unknown}
 h - a potion of agility {unknown}
 l - a potion of brilliance {unknown}
 m - a potion of invisibility {unknown}
Comestibles
 e - 5 rations
 g - a chunk of flesh


   Skills:
 + Level 4.0 Fighting
 * Level 3.7 Axes
 - Level 2.1 Armour
 - Level 0.8 Dodging
 + Level 3.3 Invocations


You had 4 spell levels left.
You didn't know any spells.
Your spell library was empty.

Dungeon Overview and Level Annotations

Branches:
Dungeon (2/15)

Altars:
Dithmenos
Makhleb


Innate Abilities, Weirdness & Mutations

You cannot be hasted, slowed, berserked, paralysed or teleported.
You can dig through walls and to a lower floor.
Your four strong arms can wield two-handed weapons with a shield.
You have a pair of large antennae on your head. (SInv)


Message History

You see here 12 poisoned darts.
A frilled lizard comes into view.
The frilled lizard hisses angrily.
The frilled lizard moves out of view.
The frilled lizard is too close now for your liking.
A frilled lizard is nearby!
A frilled lizard is nearby!
You miss the frilled lizard.
The frilled lizard bites you but does no damage.
You hit the frilled lizard.
You kill the frilled lizard!
Lugonu accepts your kill.
No target in view!
Eating one of 2 chunks of flesh.
You eat one of the 2 chunks of flesh.
You see here 23 arrows.
The gnoll is too close now for your liking.
A gnoll is nearby!
A gnoll is nearby!
A gnoll is nearby!
The gnoll shouts!
You hit the gnoll but do no damage.
The gnoll hits you with a +0 flail of protection.
You hit the gnoll.
The gnoll hits you with a +0 flail of protection!
You hit the gnoll. The gnoll hits you but does no damage.
You hit the gnoll. The gnoll closely misses you.
You barely miss the gnoll.
The gnoll hits you with a +0 flail of protection!
* * * LOW HITPOINT WARNING * * *
You hit the gnoll but do no damage.
The gnoll drinks a potion.
The gnoll is healed!
The gnoll misses you.
You closely miss the gnoll. The gnoll closely misses you.
You barely miss the gnoll.
The gnoll hits you with a +0 flail of protection!
* * * LOW HITPOINT WARNING * * *
You closely miss the gnoll.
The gnoll hits you with a +0 flail of protection.
* * * LOW HITPOINT WARNING * * *
You closely miss the gnoll. The gnoll barely misses you.
Your ring mail prevents you from hitting the gnoll.
The gnoll hits you with a +0 flail of protection.
* * * LOW HITPOINT WARNING * * *
You closely miss the gnoll.
The gnoll hits you with a +0 flail of protection!
* * * LOW HITPOINT WARNING * * *
You hit the gnoll. The gnoll closely misses you.
You closely miss the gnoll. The gnoll closely misses you.
You hit the gnoll but do no damage. The gnoll hits you but does no damage.
The gnoll hits you with a +0 flail of protection.
You die...

###..#.....#.####..# #.........#
#..#<....#.####..# #####.....#
###..#######.......# #......
....## #######.# #.<.... ..###
#.# #..)... #.#### ###
#.#########.###. ##...# ##.##
#)......#......#
#.##.####...######.####.......##.
.###...........g@<.####..#....##.
## ######...######.##.......#.##.
# ##.## #.##.#..#..^.##. ###
#.......#(##.... ####.#..........
##.######..### #..# #.## # #.##
#.# # #.# ###.####


You could see a gnoll.

Vanquished Creatures
  A hound (D:2)
  3 gnolls
  3 worms (D:2)
  A dart slug (D:1)
  A leopard gecko (D:1)
  3 giant cockroaches (D:1)
  6 goblins (D:1)
  2 hobgoblins
  A ball python (D:1)
  2 bats (D:1)
  3 frilled lizards (D:2)
  6 kobolds
  5 rats
37 creatures vanquished.

Notes
Turn   | Place    | Note
-------+----------+-------------------------------------------
     0 | Abyss:1  | vurker the Formicid Abyssal Knight began the quest for the
                  | Orb.
     0 | Abyss:1  | Reached XP level 1. HP: 18/18 MP: 2/2
    21 | Abyss:1  | Found a corrupted altar of Lugonu.
    26 | D:1      | Escaped the Abyss
   121 | D:1      | Reached XP level 2. HP: 19/24 MP: 3/3
   753 | D:1      | Reached XP level 3. HP: 25/29 MP: 4/4
  1018 | D:2      | Found a burning altar of Makhleb.
  1030 | D:2      | Reached ** piety under Lugonu
  1030 | D:2      | Reached XP level 4. HP: 16/37 MP: 6/6
  1270 | D:2      | Found a shadowy altar of Dithmenos.
  1477 | D:2      | Reached skill level 4 in Fighting
  1619 | D:2      | Reached XP level 5. HP: 41/42 MP: 7/7
  2123 | D:2      | HP: 1/42 [gnoll/+0 flail of protection (9)]
  2126 | D:2      | Slain by a gnoll

Levels and vault maps discovered:
D:1:      eino_arrival_water_star, layout_basic
D:2:      layout_loops_cross, makhleb_heckhound_becter, lemuel_doored_altar,
          amethyst_overflow_temple_binary

Skill      XL: |  1  2  3  4 |
---------------+-------------+-----
Axes           | 3 |  3.7
Invocations    | 3 |  3.3
Fighting       | 4 |  4.0
Armour         | |  2.1
Dodging        | |  0.8

Action                   |  1- 3 |  4- 6 || total
-------------------------+-------+-------++-------
Melee: Hand axe          |    64 |    32 ||    96
       War axe           |       |    39 ||    39
  Eat: Chunk             |       |     4 ||     4
Armor: Leather armour    |     9 |       ||     9
       Ring mail         |    10 |    10 ||    20
Dodge: Dodged            |    45 |    36 ||    81

Table legend:
 A = Non-vault XP
 B = Vault XP
 C = Vault XP percentage of total XP
 D = Non-vault monster count
 E = Vault monster count
 F = Vault count percentage of total count
                 A         B        C        D         E       F
            +---------+---------+-------+---------+---------+-------
      Total |     106 |      43 |  28.9 |      36 |       1 |   2.7
            +---------+---------+-------+---------+---------+-------
        D:1 |      53 |       0 |   0.0 |      23 |       0 |   0.0
        D:2 |      53 |      43 |  44.8 |      13 |       1 |   7.1
            +---------+---------+-------+---------+---------+-------
